 Dungeon Crawl Stone Soup version 0.21.1-1-g345015f (webtiles) character file.

52 glosham the Magician (level 3, -4/24 HPs)
             Began as a Mummy Earth Elementalist on May 29, 2018.
             Slain by a worker ant (5 damage)
             ... on level 4 of the Dungeon.
             The game lasted 00:05:07 (275 turns).

glosham the Magician (Mummy Earth Elementalist)      Turns: 275, Time: 00:05:07

Health: -4/24      AC:  2    Str: 11    XL:     3   Next: 60%
Magic:  0/9        EV: 12    Int: 15    God:
Gold:   17         SH:  0    Dex: 12    Spells: 9/12 levels left

rFire    x . .     SeeInvis .   (no weapon)
rCold    + . .     Gourm    .   (no shield)
rNeg     + + +     Faith    .   c - +0 robe
rPois    ∞         Spirit   .   (no helmet)
rElec    .         Reflect  .   (no cloak)
rCorr    .         Harm     .   (no gloves)
MR       .....                  (no boots)
Stlth    ++........             (no amulet)
HPRegen  0.08/turn              (no ring)
MPRegen  0.11/turn              (no ring)

@: no status effects
A: no food or potions, fire vulnerability, cold resistance 1, negative energy
resistance 3, torment resistance, unbreathing
a: no special abilities


You were on level 4 of the Dungeon.
You were not hungry.

You visited 1 branch of the dungeon, and saw 4 of its levels.

You collected 17 gold pieces.

Inventory:

Missiles
 b - 77 stones (quivered)
 f - a throwing net
Armour
 c - a +0 robe (worn)
Scrolls
 a - a scroll of fog {unknown}
 e - a scroll of fear {unknown}
 g - 2 scrolls of amnesia {unknown}
Books
 d - a book of Geomancy

   Spells                             Type                      Level
   a - Sandblast                      Earth                        1
   b - Passwall                       Transmutation/Earth          2
   c - Stone Arrow                    Conjuration/Earth            3
   d - Petrify                        Transmutation/Earth          4
   e - Lee's Rapid Deconstruction     Earth                        5


   Skills:
 - Level 1.5 Dodging
 - Level 1.5 Stealth
 * Level 5.0 Spellcasting
 - Level 0.7 Transmutations
 - Level 2.4 Earth Magic


You had 9 spell levels left.
You knew the following spells:

 Your Spells              Type           Power        Failure   Level  Hunger
x - Sandblast             Erth           ##....       6%          1    N/A
P - Passwall              Tmut/Erth      #.........   13%         2    N/A

Dungeon Overview and Level Annotations

Branches:
Dungeon (4/15)
 Temple: D:4-7

Altars:


Innate Abilities, Weirdness & Mutations

You do not eat or drink.
Your flesh is vulnerable to fire.
You are immune to poison.
Your flesh is cold resistant. (rC+)
You are immune to negative energy. (rN+++)
You are immune to unholy pain and torment.
You can survive without breathing.


Message History

Confirm with . or Enter, or press ? or * to list all spells.
Aiming: Sandblast
Press: ? - help, Shift-Dir - straight line, f/p - worker ant
Aim: a worker ant (heavily wounded)
The blast of sand misses the worker ant.
b - 80 stones The worker ant bites you.
Casting: Sandblast
Confirm with . or Enter, or press ? or * to list all spells.
Aiming: Sandblast
Press: ? - help, Shift-Dir - straight line, f/p - worker ant
Aim: a worker ant (heavily wounded)
The blast of sand hits the worker ant.
The worker ant is heavily wounded.
b - 79 stones The worker ant bites you.
Casting: Sandblast
Confirm with . or Enter, or press ? or * to list all spells.
Aiming: Sandblast
Press: ? - help, Shift-Dir - straight line, f/p - worker ant
Aim: a worker ant (heavily wounded)
The blast of sand hits the worker ant.
The worker ant is almost dead.
b - 78 stones The worker ant bites you.
* * * LOW HITPOINT WARNING * * *
The worker ant barely misses you.
There is a stone staircase leading up here.
The worker ant bites you.
* * * LOW HITPOINT WARNING * * *
The worker ant misses you.
Casting: Sandblast
Confirm with . or Enter, or press ? or * to list all spells.
Aiming: Sandblast
Press: ? - help, Shift-Dir - straight line, f/p - worker ant
Aim: a worker ant (almost dead)
The blast of sand misses the worker ant.
b - 77 stones The worker ant bites you.
You die...

#....................
.#..........#........#
?....................#
###.................##
#.........#.<........#
#.........#.#.##..#..#
#...........### #.#
#........a### .#
#........@# . ..........##
##
###........###############
########................
#################


You could see a worker ant.

Vanquished Creatures
  A howler monkey (D:4)
  An adder (D:3)
  A bat (D:1)
  A giant cockroach (D:1)
  2 goblins
  A kobold (D:3)
  A rat (D:4)
8 creatures vanquished.

Notes
Turn   | Place    | Note
-------+----------+-------------------------------------------
     0 | D:1      | glosham the Mummy Earth Elementalist began the quest for the Orb.
     0 | D:1      | Reached XP level 1. HP: 13/13 MP: 4/4
   117 | D:1      | Reached skill level 3 in Spellcasting
   143 | D:3      | Reached XP level 2. HP: 17/19 MP: 1/6
   153 | D:4      | Noticed a howler monkey
   182 | D:4      | Reached skill level 4 in Spellcasting
   202 | D:4      | Killed a howler monkey
   202 | D:4      | Reached skill level 5 in Spellcasting
   202 | D:4      | Reached XP level 3. HP: 14/24 MP: 0/9
   209 | D:4      | Noticed a slave
   247 | D:4      | Learned a level 2 spell: Passwall
   269 | D:4      | HP: 2/24 [worker ant (6)]
   275 | D:4      | Slain by a worker ant

Skill      XL: |  1  2 |
---------------+-------+-----
Spellcasting   | 3 5 |  5.0
Dodging        | |  1.5
Stealth        | |  1.5
Transmutations | |  0.7
Earth Magic    | |  2.4

Action                   || total
-------------------------++-------
Melee: Unarmed           ||    14
 Cast: Sandblast         ||    19
Armor: Robe              ||     8
Dodge: Dodged            ||    23

Table legend:
 A = Turns spent in this place as a percentage of turns spent in the entire game.
 B = Non-inter-level travel turns spent in this place as a percentage of non-inter-level travel turns spent in the entire game.
 C = Inter-level travel turns spent in this place as a percentage of turns spent in this place.
 D = Turns resting spent in this place as a percentage of non-inter-level travel turns spent in this place.
 E = Turns spent auto-exploring this place as a percentage of non-inter-level travel turns spent in this place.
 F = Non-inter-level travel turns spent in this place divided by the number of levels of this place that you've seen.
                   A       B       C       D       E      F
               +-------+-------+-------+-------+-------+----------------------
         Total | 100.0 | 100.0 |   0.0 |   0.0 |   0.0 |  68.8
       Dungeon | 100.0 | 100.0 |   0.0 |   0.0 |   0.0 |  68.8
               +-------+-------+-------+-------+-------+----------------------

Table legend:
 A = Kills in this place as a percentage of kills in entire the game.
 B = Kills by you in this place as a percentage of kills by you in the entire game.
 C = Kills by friends in this place as a percentage of kills by friends in the entire game.
 D = Other kills in this place as a percentage of other kills in the entire game.
 E = Experience gained in this place as a percentage of experience gained in the entire game.
 F = Experience gained in this place divided by the number of levels of this place that you have seen.
                   A       B       C       D       E      F
               +-------+-------+-------+-------+-------+----------------------
         Total | 100.0 | 100.0 |   N/A |   N/A | 100.0 |  18.8
       Dungeon | 100.0 | 100.0 |   N/A |   N/A | 100.0 |  18.8
               +-------+-------+-------+-------+-------+----------------------

Vault maps used:
D:1:      denvon_arrival_hothouse, minmay_misc_feat_doors
D:2:      old_standard_altar, lemuel_doored_altar,
          nicolae_dithmenos_through_a_glass_darkly,
          chequers_ecumenical_altar_simple_redux, lemuel_tele_altar
D:3:      first_ration, serial_bayou, serial_bayou_shore_a,
          serial_bayou_lagoon_b, serial_bayou_lake_a, serial_bayou_shore_b
D:4:      uniq_pikel
